 Dungeon Crawl Stone Soup version 0.29.0-4-gdea44cf6ec (webtiles) character file.

Game seed: 6778866065078668828

4174 quinnr the Destroyer (level 10, 0/50 (52) HPs)
             Began as a Tengu Conjurer on Aug 28, 2022.
             Was a Believer of Sif Muna.
             Slain by Maggie
             ... wielding a +2 war axe of draining
              (7 damage)
             ... while paralysed by Maggie
             ... on level 8 of the Dungeon.
             The game lasted 00:25:39 (13603 turns).

quinnr the Destroyer (Tengu Conjurer)              Turns: 13603, Time: 00:25:40

HP:   0/50 (52)     AC:  3    Str:  7    XL:     10   Next: 28%
MP:   6/23          EV:  2    Int: 24    God:    Sif Muna [**....]
Gold: 561           SH:  0    Dex: 12    Spells: 12/26 levels left

rFire   + . .      SeeInvis .   (no weapon)
rCold   . . .      Faith    .   (no shield)
rNeg    . . .      Spirit   .   a - +0 robe
rPois   .          Reflect  .   (helmet restricted)
rElec   .          Harm     .   y - scarf {repulsion}
rCorr   .          Rampage  .   v - +0 pair of gloves
Will    .....                   (boots unavailable)
Stlth   ++........              (no amulet)
HPRegen 0.16/turn               F - ring of protection from fire
MPRegen 0.18/turn               (no ring)

@: paralysed, flying quickly and evasively, mesmerised, lightly drained, repel
missiles, quick
A: beak, talons 3, nimble flight
a: Renounce Religion, Channel Magic


You were on level 8 of the Dungeon.
You worshipped Sif Muna.
Sif Muna was pleased with you.
You visited 2 branches of the dungeon, and saw 9 of its levels.

You collected 561 gold pieces.


Innate Abilities, Weirdness & Mutations

You have a beak for a mouth.
You have claws for feet.
Your magical nature lets you fly swiftly and evasively.


   Skills:
 - Level 1.0 Fighting
 + Level 4.2 Dodging
 - Level 2.0 Stealth
 + Level 8.6 Spellcasting
 + Level 12.8 Conjurations
 - Level 3.0 Hexes
 - Level 4.0 Evocations


You had 12 spell levels left.
You knew the following spells:

 Your Spells              Type           Power      Damage    Failure   Level
d - Dazzling Flash        Conj/Hex       96%        N/A       1%          3
f - Fulminant Prism       Conj/Hex       24%        3d13      2%          4
m - Magic Dart            Conj           100%       1d8       1%          1
s - Searing Ray           Conj           100%       2d8       1%          2
X - Iskenderun's Mystic   Conj/Tloc      41%        2d9       4%          4

Your spell library contained the following spells:

 Spells                   Type           Power      Damage    Failure   Level
 Necrotise                Necr           40%        1d6       6%          1
 Sandblast                Erth           20%        2d7       6%          1
 Blink                    Tloc           20%        N/A       10%         2
 Lesser Beckoning         Tloc           10%        N/A       19%         3
 Vampiric Draining        Necr           10%        2d6       19%         3
 Iron Shot                Conj/Erth      20%        9d5       54%         6
 Agony                    Necr           10%        N/A       86%         5
 Lee's Rapid Deconstruct  Erth           5%         3d7*      86%         5
 Manifold Assault         Tloc           10%        N/A       86%         5
 Lehudib's Crystal Spear  Conj/Erth      20%        10d6      100%        8

Inventory:

Missiles
 o - 7 boomerangs
 z - a throwing net {=f}
Armour
 a - a +0 robe (worn)
 v - a +0 pair of gloves (worn)
 y - a scarf of repulsion (worn)
Jewellery
 F - a ring of protection from fire (left hand)
Wands
 l - a wand of light (12)
 w - a wand of paralysis (1)
 x - a wand of iceblast (7)
Scrolls
 c - 3 scrolls of amnesia {unknown}
 e - 2 scrolls of butterflies {unknown}
 g - a scroll of magic mapping {unknown}
 h - 5 scrolls of immolation
 j - 2 scrolls of poison
 m - 3 scrolls of enchant weapon
 p - 2 scrolls of blinking {unknown}
 t - 4 scrolls of teleportation {unknown}
Potions
 b - 2 potions of magic
 d - a potion of degeneration
 f - 3 potions of heal wounds {@q2}
 i - 5 potions of curing {@q1}
 k - a potion of cancellation
 n - a potion of berserk rage {unknown}
 q - 2 potions of mutation {unknown}
 r - a potion of haste {@q3}
 s - 2 potions of lignification {unknown}
 u - a potion of invisibility {unknown}
 A - a potion of resistance {unknown}
 B - a potion of flight {unknown}

Dungeon Overview and Level Annotations

Branches:
Dungeon (8/15)             Temple (1/1) D:4
   Lair: D:8-11

Altars:
Ashenzari
Cheibriados
Dithmenos
Hepliaklqana
Kikubaaqudgha
Makhleb
Nemelex Xobeh
Okawaru
Ru
Sif Muna
Trog
Xom
Zin
The Shining One

Annotations:
D:8 Joseph, Maggie

#.#.#.##########.####..#
#.#.#.##...## #.......#
#.#.#.#.###.## ######.##
#......## ##.## #.##
###.#.## ##.# #####.##
#..<# #.# #.)...##
###.## ##.###.##....
##.## ##.>.)..##.)#.
##@###.)#######..#.
#.@..#.# #..#. #......#
#.... ######## #....
........ .........
.#.....#. .$....>..
...#.#...


You could see Maggie (mesmerising).


Message History

Casting: Searing Ray (safe; 1% risk of failure)
Confirm with . or Enter, or press ? or * to list all spells.
Aiming: Fulminant Prism (dangerous; 2% risk of failure)
Press: ? - help, Dir - move target, p - Maggie You conjure a prism of explosive energy!
A fulminant prism comes into view.
Casting: Fulminant Prism (dangerous; 2% risk of failure)
Confirm with . or Enter, or press ? or * to list all spells.
Aiming: Searing Ray (safe; 1% risk of failure)
Press: ? - help, Shift-Dir - straight line The searing ray hits Maggie!
Maggie is heavily wounded. (Press . to maintain the ray.)
Your fulminant prism crackles loudly.
Unknown command.
Unknown command.
The searing ray hits Maggie.
Maggie is severely wounded.
Maggie zaps a wand.
You easily resist.
Your fulminant prism explodes!
The searing ray misses Maggie.
Maggie zaps a wand.
You suddenly lose the ability to move!
Maggie gestures at you while chanting. The bolt of fire hits you! You resist.
* * * LOW HITPOINT WARNING * * *
Maggie points at you and mumbles some strange words.
The bolt of fire hits you! You resist.
* * * LOW HITPOINT WARNING * * *
Maggie hits you with a +2 war axe of draining!
You die...

Skill      XL: |  1  2  3  4  5  6  7  8  9 10 |
---------------+-------------------------------+-----
Fighting       | 1 |  1.0
Spellcasting   | 3 4 5 6 8 |  8.6
Conjurations   | 6 7 8 10 12 | 12.8
Hexes          | 1 2 3 |  3.0
Evocations     | 3 4 |  4.0
Dodging        | 3 4 |  4.2
Stealth        | |  2.0

Action                   |  1- 3 |  4- 6 |  7- 9 | 10-12 || total
-------------------------+-------+-------+-------+-------++-------
Melee: Unarmed           |     7 |       |     1 |       ||     8
       Peck              |     2 |       |     1 |       ||     3
       Kick              |     2 |       |       |       ||     2
 Cast: Magic Dart        |    48 |    50 |   213 |    51 ||   362
       Searing Ray       |     2 |    13 |    51 |    18 ||    84
       Dazzling Flash    |       |       |    11 |     3 ||    14
       Fulminant Prism   |       |       |     7 |     4 ||    11
Evoke: Wand              |       |       |     1 |       ||     1
  Use: Scroll            |     3 |     4 |     2 |       ||     9
       Potion            |       |       |     4 |       ||     4
Armor: Robe              |     4 |     2 |    26 |     2 ||    34
Dodge: Dodged            |    18 |    14 |   105 |    33 ||   170
       Repelled          |       |       |     2 |     1 ||     3

Levels and vault maps discovered:
D:1:      lightli_arrival_windingriver, layout_loops_ring,
          wad_floor_pattern_untrapped, serial_park_tiny_1
D:2:      layout_basic, nicolae_elevator_lobby_plus, uniq_terence, uniq_sigmund
D:3:      layout_loops_ring, lemuel_round_altar, basic_ecumenical_altar,
          serial_bayou_lake_a, uniq_pargi
D:4:      layout_loops_ring, trog_wizard, minmay_temple_entry_mini_moons,
          serial_bayou_crossing, uniq_eustachio, uniq_robin
D:5:      layout_cave_pools, lemuel_crystal_altar,
          mainiacjoe_overflow_tiny_flanked, corexii_leaking_fountain,
          minmay_a_box_with_orc_wizards_in_it, uniq_ijyb, uniq_edmund
D:6:      layout_rooms
D:7:      layout_gridville, nicolae_ru_path_of_blood,
          mainiacjoe_overflow_boulevard, chequers_big_river,
          palyth_stone_intersect
D:8:      layout_loops_cross, st_stairs_2, hex_tiny, kennysheep_flooded_box,
          uniq_maggie, uniq_joseph
Temple:   hellmonk_temple_forest_ring

Notes
Turn   | Place    | Note
-------+----------+-------------------------------------------
     0 | D:1      | quinnr the Tengu Conjurer began the quest for the Orb.
     0 | D:1      | Reached XP level 1. HP: 10/10 MP: 4/4
   197 | D:1      | Reached XP level 2. HP: 16/16 MP: 0/6
   477 | D:1      | Reached skill level 1 in Fighting
   747 | D:1      | Reached XP level 3. HP: 20/20 MP: 5/7
  1040 | D:1      | Learned a level 2 spell: Searing Ray
  1044 | D:1      | Learned a level 3 spell: Dazzling Flash
  1240 | D:2      | Noticed Sigmund
  1469 | D:2      | Killed Sigmund
  1470 | D:2      | Reached skill level 3 in Spellcasting
  1470 | D:2      | Reached skill level 6 in Conjurations
  1470 | D:2      | Reached skill level 1 in Hexes
  1470 | D:2      | Reached XP level 4. HP: 21/25 MP: 3/10
  1470 | D:2      | Gained mutation: Your magical nature lets you fly swiftly
                  | and evasively. [Tengu growth]
  1470 | D:2      | Reached XP level 5. HP: 24/29 MP: 3/11
  1750 | D:2      | Noticed Terence
  1946 | D:2      | Killed Terence
  1947 | D:2      | Reached skill level 7 in Conjurations
  1947 | D:2      | Reached XP level 6. HP: 23/34 MP: 1/12
  2485 | D:2      | Reached skill level 2 in Hexes
  3095 | D:3      | Got Peonall's Codex of the Quarry
  3217 | D:3      | Reached skill level 4 in Spellcasting
  3411 | D:3      | Found a faded altar of an unknown god.
  3539 | D:3      | Noticed Pargi
  3553 | D:3      | Killed Pargi
  3554 | D:3      | Reached XP level 7. HP: 24/38 MP: 2/14
  4418 | D:3      | Found a snail-covered altar of Cheibriados.
  4500 | D:4      | Noticed Eustachio
  4517 | D:3      | Learned a level 4 spell: Fulminant Prism
  4719 | D:3      | Killed Eustachio
  4720 | D:3      | Reached skill level 8 in Conjurations
  4880 | D:4      | Found a bloodstained altar of Trog.
  4881 | D:4      | Noticed a wizard
  4887 | D:4      | Killed a wizard
  4943 | D:4      | Noticed Robin
  4946 | D:4      | Reached skill level 3 in Hexes
  4971 | D:4      | Killed Robin
  5168 | D:4      | Found a staircase to the Ecumenical Temple.
  5182 | Temple   | Entered the Ecumenical Temple
  5324 | Temple   | Became a worshipper of Sif Muna the Loreminder
  6057 | D:5      | Entered Level 5 of the Dungeon
  6063 | D:5      | Reached skill level 5 in Spellcasting
  6063 | D:5      | Reached XP level 8. HP: 43/43 MP: 7/16
  6126 | D:5      | Noticed Edmund
  6149 | D:4      | Killed Edmund
  6150 | D:4      | Reached skill level 9 in Conjurations
  6594 | D:5      | Noticed Ijyb
  6606 | D:5      | Killed Ijyb
  6615 | D:5      | Reached skill level 6 in Spellcasting
  6776 | D:5      | Reached skill level 10 in Conjurations
  7126 | D:5      | Found a glowing silver altar of Zin.
  7194 | D:5      | Reached * piety under Sif Muna
  7236 | D:5      | Found a burning altar of Makhleb.
  7486 | D:6      | Reached XP level 9. HP: 47/47 MP: 14/20
  7507 | D:6      | Reached skill level 7 in Spellcasting
  7507 | D:6      | Reached skill level 11 in Conjurations
  8313 | D:7      | Reached skill level 1 in Evocations
  8554 | D:7      | Found a hazy altar of Hepliaklqana.
  8606 | D:7      | Reached skill level 2 in Evocations
  9039 | D:7      | Reached skill level 12 in Conjurations
  9062 | D:7      | Reached skill level 8 in Spellcasting
  9326 | D:7      | Reached skill level 3 in Evocations
 11821 | D:7      | Reached skill level 3 in Dodging
 11821 | D:7      | Reached XP level 10. HP: 42/52 MP: 18/23
 11953 | D:7      | Found a sacrificial altar of Ru.
 12358 | D:8      | Reached skill level 4 in Evocations
 12914 | D:8      | Reached ** piety under Sif Muna
 13225 | D:8      | Learned a level 4 spell: Iskenderun's Mystic Blast
 13251 | D:8      | Noticed Joseph
 13457 | D:8      | Reached skill level 4 in Dodging
 13572 | D:8      | Noticed Maggie
 13582 | D:8      | Paralysed by Maggie for 2 turns
 13591 | D:8      | Paralysed by Maggie for 4 turns
 13600 | D:8      | Paralysed by Maggie for 5 turns
 13603 | D:8      | Slain by Maggie

Vanquished Creatures
  Sigmund (D:2)
  Eustachio (D:3)
  A steam dragon (D:8)
  Edmund (D:4)
  2 water moccasins
  Pargi (D:3)
  3 orc warriors
  3 sky beasts (D:6)
  An ogre (D:5)
  2 centaurs
  A kobold brigand (D:8)
  2 phantoms
  2 bullfrogs (D:7)
  2 gnoll sergeants
  2 necrophages
  A scorpion (D:3)
  3 wights (D:7)
  16 killer bees
  3 electric eels (D:7)
  5 hounds
  A jelly (D:8)
  An orc priest (D:3)
  Ijyb (D:5)
  Terence (D:2)
  3 iguanas
  10 orc wizards
  Robin (D:4)
  7 adders
  14 gnolls
  A white imp (D:5)
  An ufetubus (D:6)
  2 worms (D:2)
  A dart slug (D:3)
  23 orcs
  A bat (D:2)
  2 endoplasms
  3 giant cockroaches
  6 goblins
  5 hobgoblins
  8 jackals (D:1)
  9 kobolds
  4 quokkas
  4 ball pythons
  2 frilled lizards
  6 rats
170 creatures vanquished.

Vanquished Creatures (others)
  A wizard (D:4)
  11 fulminant prisms
  6 fungi (D:7)
  47 plants
65 creatures vanquished.

Grand Total: 235 creatures vanquished

Table legend: (Time is in decaauts)
 A = Elapsed time spent in this place.
 B = Non-inter-level travel time spent in this place.
 C = Inter-level travel time spent in this place.
 D = Time resting spent in this place.
 E = Time spent auto-exploring this place.
 F = Levels seen in this place.
 G = Mean time per level.
                   A        B        C        D        E       F      G
               +--------+--------+--------+--------+--------+-----+--------+
         Total |  13121 |  12792 |    329 |   3490 |   7199 |   9 | 1457.9 |
       Dungeon |  12976 |  12662 |    314 |   3490 |   7080 |   8 | 1622.0 |
        Temple |    145 |    130 |     15 |      0 |    118 |   1 |  145.0 |
               +--------+--------+--------+--------+--------+-----+--------+

Top non-repeatable levels by time:
     D:6: 2823 daAuts
     D:7: 1843 daAuts
     D:3: 1806 daAuts
     D:2: 1466 daAuts
     D:5: 1366 daAuts
     D:1: 1363 daAuts
     D:4: 1217 daAuts
     D:8: 1088 daAuts
  Temple: 145 daAuts

Table legend:
 A = Non-vault XP
 B = Vault XP
 C = Vault XP percentage of total XP
 D = Non-vault monster count
 E = Vault monster count
 F = Vault count percentage of total count
                 A         B        C        D         E       F
            +---------+---------+-------+---------+---------+-------
      Total |    4594 |    1369 |  23.0 |     151 |      19 |  11.2
            +---------+---------+-------+---------+---------+-------
        D:1 |      46 |       0 |   0.0 |      26 |       0 |   0.0
        D:2 |      55 |     279 |  83.5 |      15 |       2 |  11.8
        D:3 |     173 |     338 |  66.1 |      14 |       2 |  12.5
        D:4 |     182 |     181 |  49.9 |      11 |       6 |  35.3
        D:5 |     776 |     246 |  24.1 |      17 |       7 |  29.2
        D:6 |    1163 |       0 |   0.0 |      19 |       0 |   0.0
        D:7 |    1409 |       0 |   0.0 |      27 |       0 |   0.0
        D:8 |     790 |     325 |  29.1 |      22 |       2 |   8.3
            +---------+---------+-------+---------+---------+-------
